 Dungeon Crawl Stone Soup version 0.21-a0-82-gdb84782 (webtiles) character file.

66672 MackTheKnife the Unseen (level 14, -6/126 HPs)
             Began as a Vampire Enchanter on June 24, 2017.
             Was the Champion of Makhleb.
             Killed from afar by a deep elf knight (36 damage)
             ... with a shard of ice
             ... on level 1 of the Elven Halls.
             The game lasted 00:59:41 (24089 turns).

MackTheKnife the Unseen (Vampire Enchanter)        Turns: 24089, Time: 00:59:41

Health: -6/126     AC: 11    Str:  7    XL:     14   Next: 80%
Magic:  16/25      EV: 19    Int: 21    God:    Makhleb [******]
Gold:   2157       SH:  0    Dex: 20    Spells: 16/28 levels left

rFire    + + .     SeeInvis +   a - +7 quick blade (flame)
rCold    + . .     Gourm    .   (no shield)
rNeg     + . .     Faith    .   J - +2 robe of Failure {rF++ Int+4}
rPois    .         Spirit   .   R - +1 helmet of the Okapi {+Inv}
rElec    .         Reflect  .   j - +2 cloak {MR+}
rCorr    .         Harm     +   t - +0 pair of gloves
MR       ++...                  D - +0 pair of boots
Stlth    +++++++++.             z - amulet of harm
HPRegen  0.31/turn              q - +2 ring of slaying
MPRegen  0.19/turn              y - ring of stealth {Stlth+}

@: about to teleport, studying Hexes
A: fangs 3, see invisible, cold resistance 1, robust 1, unbreathing
a: Bat Form, Minor Destruction, Lesser Servant of Makhleb, Major Destruction,
Greater Servant of Makhleb, Renounce Religion, Evoke Invisibility


You were on level 1 of the Elven Halls.
You worshipped Makhleb.
Makhleb was exalted by your worship.
You were not thirsty.

You visited 4 branches of the dungeon, and saw 21 of its levels.
You also visited: Sewer and Ice Cave.

You collected 2157 gold pieces.

Inventory:

Hand Weapons
 a - a +7 quick blade of flaming (weapon)
   (You acquired it on level 5 of the Lair of Beasts)
 L - a +4 dagger of draining
   (You took it off a kobold on level 2 of the Dungeon)
Armour
 j - a +2 cloak of magic resistance (worn)
   (You took it off Maurice on level 8 of the Dungeon)
 t - a +0 pair of gloves (worn)
   (You found it on level 3 of the Dungeon)
 v - a +0 buckler
   (You took it off a goblin on level 3 of the Dungeon)
 D - a +0 pair of boots (worn)
   (You found it on level 6 of the Dungeon)
 J - the +2 robe of Failure (worn) {rF++ Int+4}
   (You found it on level 1 of the Lair of Beasts)

   It affects your intelligence (+4).
   It greatly protects you from fire.
 O - the +1 scale mail of Limited Liability {rElec rF+ rC+, unknown}
   (You found it on level 4 of the Lair of Beasts)

   It protects you from fire.
   It protects you from cold.
   It insulates you from electricity.
 R - the +1 helmet of the Okapi (worn) {+Inv}
   (You found it on level 6 of the Lair of Beasts)

   It lets you turn invisible.
Jewellery
 q - a +2 ring of slaying (left hand)
   (You found it on level 6 of the Dungeon)
 y - a ring of stealth (right hand) {Stlth+}
   (You found it on level 7 of the Dungeon)
 z - an amulet of harm (around neck)
   (You found it on level 3 of the Dungeon)
Wands
 o - a wand of acid (7/15)
   (You took it off Maurice on level 8 of the Dungeon)
 C - a wand of polymorph (2/24)
   (You found it in a sewer)
 F - a wand of paralysis (22/24)
   (You found it on level 4 of the Dungeon)
 N - a wand of clouds (1/9)
   (You found it on level 4 of the Lair of Beasts)
Scrolls
 b - 2 scrolls of fear
 d - 2 scrolls of recharging
 e - 3 scrolls of magic mapping {!r}
 m - 2 scrolls of teleportation
 s - 14 scrolls of remove curse
 w - a scroll of silence
 A - 3 scrolls of amnesia
 P - 4 scrolls of fog
 S - 2 scrolls of enchant weapon
Potions
 f - a potion of heal wounds
 g - a potion of berserk rage {!q}
 h - 3 potions of curing
 i - 4 potions of lignification {!q}
 k - a potion of ambrosia
 l - 3 potions of agility
 p - a potion of brilliance
 r - a potion of cancellation
 u - 3 potions of blood {@q1}
 x - a potion of haste
 B - 2 potions of might
 G - 2 potions of magic
 I - a potion of flight
 T - a potion of invisibility
Books
 c - a book of Maledictions
 E - a book of Frost
   (You found it on level 6 of the Dungeon)
 H - a book of Dreams
   (You found it on level 5 of the Lair of Beasts)
 M - a Young Poisoner's Handbook
   (You found it on level 5 of the Lair of Beasts)
 Q - a manual of Hexes {!d}
   (You found it on level 4 of the Lair of Beasts)
Miscellaneous
 n - a sack of spiders
 K - a fan of gales
   (You found it on level 3 of the Lair of Beasts)


   Skills:
 - Level 12.0 Fighting
 - Level 8.6 Short Blades
 - Level 9.0 Dodging
 + Level 20.8 Stealth
 - Level 7.6 Spellcasting
 + Level 19.0 Hexes


You had 16 spell levels left.
You knew the following spells:

 Your Spells              Type           Power        Failure   Level  Hunger
a - Dazzling Spray        Conj/Hex       #####.       1%          3    None
b - Ensorcelled Hibernat  Hex/Ice        #####.       1%          2    None
c - Confuse               Hex            ######..     0%          3    None
d - Tukima's Dance        Hex            ######..     0%          3    None
v - Corona                Hex            ######.      0%          1    None


Dungeon Overview and Level Annotations

Branches:
Dungeon (12/15)            Temple (0/1) D:4            Lair (6/6) D:10
  Swamp (0/4) Lair:2        Snake (0/4) Lair:2        Slime (0/5) Lair:6
    Orc (2/2) D:11            Elf (1/3) Orc:2

Altars:
Dithmenos
Elyvilon
Makhleb
Qazlal
Ru
Uskayaw
Vehumet
Wu Jian
Xom
Yredelemnul
The Shining One
Beogh
Jiyva

Shops:
D:6 =   Orc:2 :[*(

Annotations:
D:2 Natasha
D:10 Fannar
Lair:6 exclusions: molten gargoyle and 4 oklob plants
Elf:1 Aizul, Roxanne


Innate Abilities, Weirdness & Mutations

You have razor-sharp teeth.
You have supernaturally acute eyesight. (SInv)
You can survive without breathing.
Your flesh is cold resistant. (rC+)
You are robust. (+10% HP)


Message History

You flicker back into view.
You feel sick.
You take 6 damage, and have 34/125 hp.
You start resting.
You feel sick. x13
You are no longer poisoned.
You take 4 damage, and have 30/125 hp.
You start resting.
A dire flail of protection comes into view.
You regained 4 hp, and now have 34/125 hp.
There is an open door here.
You close the door.
You start resting.
Your magical contamination has completely faded away.
You regained 23 hp, and now have 58/125 hp.
You start resting.
Health restored: 125 You open the door.
There is an open door here.
You close the door.
A deep elf mage comes into view. It is wielding a dagger.
You see here 13 gold pieces.
You now have 2157 gold pieces (gained 13).
You strike the helpless trident of protection from behind!
You perforate the trident of protection like a sieve!!!
The trident of protection falls from the air.
Makhleb accepts your kill.
Your Fighting skill increases to level 12!
Health restored: 126 You open the door.
There is an open door here.
You close the door.
You open the door.
There is an open door here.
There is an open door here.
You open the door.
There is an open door here.
You open the door.
There is an open door here.
You open the door.
There is an open door here.
There is an open door here.
You open the door.
Aizul the Neglectful Guardian comes into view.
There is an open door here.
A deep elf mage comes into view. It is wielding a rapier.
Aizul shouts!
The deep elf mage shouts!
You hear a shout! x3
Aizul casts a spell at you. The poison arrow hits you!
You are poisoned. 2 deep elf archers come into view.
A deep elf archer is wielding a short sword of venom.
You take 51 damage, and have 75/126 hp.
MASSIVE DAMAGE!!
Aim: Aizul (chance to defeat MR: 7%)
Okay, then.
Unknown command.
As you read the scroll of teleportation, it crumbles to dust.
You feel strangely unstable.
You feel sick.
The deep elf archer moves out of view.
Aizul hits you!
You take 18 damage, and have 57/126 hp.
Unknown command.
You feel sick. Aizul casts a spell at you. The poison arrow hits you!
You are more poisoned.
You hear a shout!
You take 19 damage, and have 38/126 hp.
Unknown command.
You feel very sick.
Aizul coils herself and waves her upper body at you.
The bolt of poison hits you!
You are lethally poisoned!
* * * LOW HITPOINT WARNING * * *
Aizul casts a spell at you. The bolt of poison misses you.
You take 19 damage, and have 19/126 hp.
You feel better.
Your surroundings suddenly seem different.
A deep elf knight and a deep elf mage come into view.
The deep elf mage is wielding a short sword of venom.
You regained 9 hp, and now have 28/126 hp.
Unknown command.
The deep elf mage shouts!
The deep elf mage casts a spell.
The deep elf mage blinks!
Aim: a deep elf mage, wielding a short sword of venom (chance to defeat MR: 66%)
The deep elf mage struggles to resist.
The deep elf knight shouts!
You now have 22/25 mp.
Aim: a deep elf mage, wielding a short sword of venom (chance to defeat MR: 66%)
The deep elf knight easily resists.
You now have 19/25 mp.
Aim: a deep elf mage, wielding a short sword of venom (chance to defeat MR: 66%)
The deep elf knight easily resists.
You now have 16/25 mp.
As you read the scroll of teleportation, it crumbles to dust.
You feel strangely unstable.
The deep elf knight casts a spell at you.
The shard of ice hits you! You partially resist.
You die...

..........)......#
#...##....##e....#########
##.##....##........≈≈≈...##
.#.#..##.#..##.....≈≈≈....##
.....##....##.....≈≈≈≈≈....#
.....#..##.#......≈≈≈≈≈....#
.....e.##....^....≈≈e≈≈.<..#
#...##.#s.##......≈e≈≈≈....#
##.##....##..###@.≈≈≈≈≈....#
(#.#.3##.#e.## ##..≈≈≈....##
....[##....## #..≈≈≈...##
.....#......# ##########
.............#
##...........# #...........#
+...........# #.[.?.......#


You could see a deep elf knight, a deep elf high priest and a deep elf mage.

Vanquished Creatures
  Kirke (Lair:6)
  An orc warlord (Orc:2)
  Snorg (Lair:5)
  A fire dragon (Lair:6)
  8 hydras
  A catoblepas (Lair:3)
  3 dancing weapons (Elf:1)
  10 death yaks
  2 orc high priests
  Sonja (Lair:3)
  Nergalle (Orc:2)
  An unseen horror (D:11)
  A fire crab (Lair:5)
  3 orc knights (Orc:2)
  A lindwurm (Lair:6)
  2 ugly things
  9 deep elf magi (Elf:1)
  4 orc sorcerers (Orc:2)
  Maurice (D:8)
  2 cyclopes
  2 centaur zombies
  4 black mambas (Lair:6)
  A molten gargoyle (Lair:6)
  12 spiny frogs
  2 centaur skeletons
  4 rime drakes
  3 ice devils
  7 komodo dragons
  2 polar bears (Lair:4)
  5 trolls
  A slime creature (D:12)
  4 blink frogs (Lair:6)
  8 hippogriffs
  Sigmund (D:2)
  An air elemental (Elf:1)
  5 wyverns
  A water elemental (D:11)
  Eustachio (D:6)
  5 hogs (Lair:6)
  38 yaks
  Grum (D:8)
  6 basilisks
  A hungry ghost (D:12)
  2 steam dragons (Lair:6)
  Edmund (D:3)
  3 nagas (Lair:2)
  4 swamp worms (Lair:2)
  5 hell hounds (Lair:6)
  A warg (Orc:2)
  The ghost of MackTheKnife the Conjurer, an amateur TeCj (D:3)
  Duvessa (D:6)
  13 water moccasins
  4 porcupines
  30 orc warriors
  A phantom (D:10)
  A swamp drake (D:10)
  3 ice beasts
  2 sky beasts
  A black bear (Lair:4)
  Purgy (Sewer)
  9 ogres
  8 crocodiles
  14 wolves
  A big kobold (D:10)
  18 bullfrogs
  Dowan (D:6)
  6 scorpions
  7 killer bees
  4 wights (D:6)
  4 howler monkeys
  2 electric eels
  9 crimson imps
  4 lava snakes (Lair:6)
  A jelly (D:8)
  A bullfrog skeleton (D:7)
  21 orc priests
  3 bullfrog zombies
  5 hounds
  2 iguanas
  Ijyb (D:4)
  25 orc wizards
  Natasha (D:2)
  5 worker ants
  A hound zombie (D:7)
  2 worker ant zombies
  Robin (D:2)
  8 gnolls
  14 adders
  A river rat (D:4)
  3 shadow imps
  3 oozes
  An adder zombie (D:7)
  2 adder skeletons
  6 worms
  4 dart slugs
  7 leopard geckos
  75 orcs
  9 giant cockroaches
  15 goblins
  7 hobgoblins
  9 jackals
  10 kobolds
  3 quokkas
  A ball python (D:2)
  2 ball python skeletons (D:4)
  6 bats
  6 frilled lizards
  A jackal skeleton (D:4)
  9 rats
  A fungus (Lair:6)
602 creatures vanquished.

Vanquished Creatures (others)
  A bush (Lair:6)
  21 fungi
  9 plants
31 creatures vanquished.

Grand Total: 633 creatures vanquished

Notes
Turn   | Place    | Note
-------+----------+-------------------------------------------
     0 | D:1      | MackTheKnife the Vampire Enchanter began the quest for the Orb.
     0 | D:1      | Reached XP level 1. HP: 13/13 MP: 3/3
    70 | D:1      | Reached skill level 5 in Hexes
   269 | D:1      | Reached XP level 2. HP: 15/19 MP: 5/5
  1165 | D:2      | Reached skill level 5 in Stealth
  1173 | D:2      | HP: 4/19 [jackal (2)]
  1178 | D:2      | HP: 3/19 [jackal (1)]
  1179 | D:2      | Reached XP level 3. HP: 4/24 MP: 6/6
  1486 | D:2      | Learned a level 3 spell: Confuse
  1496 | D:2      | Noticed Natasha
  1879 | D:2      | Found a hide-covered altar of Uskayaw.
  1909 | D:2      | Found a glowing golden altar of the Shining One.
  2030 | D:2      | Reached skill level 6 in Hexes
  2353 | D:2      | Found a basalt altar of Yredelemnul.
  2494 | D:2      | Killed Natasha
  2494 | D:2      | Reached skill level 6 in Stealth
  2494 | D:2      | Reached XP level 4. HP: 27/30 MP: 0/7
  2563 | D:2      | Found a white marble altar of Elyvilon.
  2726 | D:2      | Noticed Sigmund
  2744 | D:2      | Gained mutation: Armour fits poorly on your strangely shaped body. [potion of mutation]
  2744 | D:2      | Gained mutation: You have a pair of small horns on your head. [potion of mutation]
  2744 | D:2      | Gained mutation: You passively map a small area around you. [potion of mutation]
  2745 | D:2      | Lost mutation: You passively map a small area around you. [potion of mutation]
  2745 | D:2      | Lost mutation: Armour fits poorly on your strangely shaped body. [potion of mutation]
  2745 | D:2      | Gained mutation: You are clumsy. (Dex -2) [potion of mutation]
  2745 | D:2      | Gained mutation: You have sharp toenails. [potion of mutation]
  2766 | D:2      | Killed Sigmund
  2766 | D:2      | Reached skill level 7 in Stealth
  2766 | D:2      | Reached skill level 7 in Hexes
  2766 | D:2      | Reached XP level 5. HP: 35/35 MP: 5/8
  3028 | D:2      | Noticed Natasha
  3211 | D:2      | Noticed Robin
  3220 | D:2      | HP: 7/35 [Robin/mace (7)]
  3221 | D:2      | Killed Robin
  3221 | D:2      | Reached XP level 6. HP: 8/41 MP: 5/9
  3689 | D:3      | Noticed MackTheKnife's ghost (amateur TeCj)
  3704 | D:3      | Killed MackTheKnife's ghost
  3704 | D:3      | Reached skill level 8 in Stealth
  3704 | D:3      | Reached skill level 8 in Hexes
  3928 | D:3      | Found a burning altar of Makhleb.
  3929 | D:3      | Found a shimmering altar of Xom.
  4139 | D:3      | Became a worshipper of Makhleb the Destroyer
  4169 | D:3      | Reached XP level 7. HP: 46/46 MP: 11/11
  4336 | D:3      | Learned a level 3 spell: Dazzling Spray
  4358 | D:4      | Found a staircase to the Ecumenical Temple.
  4364 | D:4      | Reached skill level 3 in Spellcasting
  4433 | D:4      | Noticed Edmund
  4638 | D:4      | HP: 11/46 [Edmund/flail of draining (5)]
  4643 | D:3      | Killed Edmund
  4643 | D:3      | Reached skill level 9 in Stealth
  4783 | D:4      | Found a glowing drain.
  4804 | Sewer    | Entered a sewer
  4873 | Sewer    | Noticed Purgy
  4875 | Sewer    | Killed Purgy
  4875 | Sewer    | Reached skill level 9 in Hexes
  4908 | Sewer    | Lost mutation: You have sharp toenails. [potion of mutation]
  4908 | Sewer    | Lost mutation: You have a pair of small horns on your head. [potion of mutation]
  4908 | Sewer    | Lost mutation: You are clumsy. (Dex -2) [potion of mutation]
  4908 | Sewer    | Gained mutation: Your flesh is cold resistant. (rC+) [potion of mutation]
  4908 | Sewer    | Gained mutation: You are robust. (+10% HP) [potion of mutation]
  5017 | D:4      | Noticed Ijyb
  5029 | D:4      | Killed Ijyb
  5122 | D:4      | Found a radiant altar of Vehumet.
  5184 | D:4      | Found a shadowy altar of Dithmenos.
  5211 | D:4      | Reached * piety under Makhleb
  5297 | D:5      | Entered Level 5 of the Dungeon
  5315 | D:5      | Reached skill level 1 in Fighting
  5383 | D:5      | Found an ornate altar of the Wu Jian Council.
  5416 | D:5      | Reached skill level 2 in Short Blades
  5416 | D:5      | Reached skill level 3 in Dodging
  5416 | D:5      | Reached XP level 8. HP: 60/60 MP: 11/13
  5467 | D:5      | Reached skill level 2 in Fighting
  5515 | D:5      | Reached skill level 3 in Short Blades
  5587 | D:5      | Reached skill level 4 in Dodging
  6473 | D:6      | Noticed Dowan
  6474 | D:6      | Noticed Duvessa
  6498 | D:6      | Killed Dowan
  6498 | D:6      | Reached skill level 3 in Fighting
  6718 | D:6      | Noticed Eustachio
  6725 | D:6      | Killed Eustachio
  6725 | D:6      | Reached skill level 4 in Short Blades
  6725 | D:6      | Reached skill level 5 in Dodging
  7116 | D:6      | Killed Duvessa
  7116 | D:6      | Reached ** piety under Makhleb
  7116 | D:6      | Reached skill level 4 in Fighting
  7116 | D:6      | Reached XP level 9. HP: 71/71 MP: 12/14
  7149 | D:6      | Reached skill level 5 in Short Blades
  7339 | D:6      | Found Ynibbiel's Jewellery Emporium.
  7487 | D:6      | Reached skill level 6 in Dodging
  7828 | D:7      | Reached skill level 10 in Stealth
  8077 | D:7      | Reached skill level 11 in Stealth
  8311 | D:7      | Reached skill level 12 in Stealth
  8731 | D:7      | Found a sacrificial altar of Ru.
  8912 | D:8      | Reached *** piety under Makhleb
  8912 | D:8      | Reached skill level 13 in Stealth
  9108 | D:8      | Noticed Grum
  9119 | D:8      | HP: 6/72 [Grum/glaive (13)]
  9776 | D:8      | Found a stormy altar of Qazlal.
  9789 | D:8      | Reached skill level 14 in Stealth
  9804 | D:8      | Killed Grum
  9804 | D:8      | Reached XP level 10. HP: 80/80 MP: 1/15
 10058 | D:8      | Noticed Maurice
 10072 | D:8      | Killed Maurice
 10126 | D:9      | Reached skill level 15 in Stealth
 10147 | D:9      | Learned a level 2 spell: Ensorcelled Hibernation
 10296 | D:9      | Got a faintly glowing helmet
 10907 | D:9      | Identified the -7 helmet of Qoconemm {*Slow rPois MR+++ Stlth+} (You found it on level 9 of the Dungeon)
 11052 | D:10     | Entered Level 10 of the Dungeon
 11200 | D:10     | Noticed Fannar
 11223 | D:10     | Reached skill level 5 in Fighting
 11223 | D:10     | Reached skill level 6 in Short Blades
 11390 | D:11     | Reached **** piety under Makhleb
 11622 | D:11     | Noticed an unseen horror
 11664 | D:11     | Killed an unseen horror
 11664 | D:11     | Reached skill level 7 in Dodging
 11898 | D:12     | Reached skill level 7 in Short Blades
 11985 | D:12     | Noticed a white ugly thing
 12002 | D:12     | Killed a white ugly thing
 12002 | D:12     | Reached skill level 6 in Fighting
 12046 | D:12     | Noticed a cyclops
 12046 | D:12     | Reached XP level 11. HP: 89/89 MP: 13/16
 12239 | D:12     | Reached skill level 8 in Dodging
 12959 | D:10     | Reached skill level 8 in Short Blades
 13013 | D:10     | Found a staircase to the Lair.
 13357 | Lair:1   | Entered Level 1 of the Lair of Beasts
 13367 | Lair:1   | Got an ominously black robe
 13368 | Lair:1   | Identified the +2 robe of Failure {rF++ Int+4} (You found it on level 1 of the Lair of Beasts)
 13543 | Lair:1   | Reached skill level 7 in Fighting
 13645 | Lair:1   | Noticed a seven-headed hydra
 13663 | Lair:1   | Killed a seven-headed hydra
 13673 | Lair:1   | Reached skill level 9 in Dodging
 13878 | Lair:1   | Reached skill level 4 in Spellcasting
 14369 | Lair:1   | Reached skill level 10 in Hexes
 14406 | Lair:1   | Reached ***** piety under Makhleb
 14597 | Lair:2   | Reached skill level 5 in Spellcasting
 14655 | Lair:2   | Noticed an eight-headed hydra
 14662 | Lair:2   | Killed an eight-headed hydra
 14662 | Lair:2   | Reached skill level 11 in Hexes
 14721 | Lair:2   | Noticed a five-headed hydra
 14728 | Lair:2   | Killed a five-headed hydra
 14728 | Lair:2   | Reached XP level 12. HP: 100/100 MP: 20/20
 14752 | Lair:2   | Found a staircase to the Snake Pit.
 14812 | Lair:2   | Reached skill level 6 in Spellcasting
 14892 | Lair:2   | Got an ancient long sword
 15070 | Lair:2   | Learned a level 3 spell: Tukima's Dance
 15191 | Lair:2   | Found a staircase to the Swamp.
 15337 | Lair:3   | Noticed Sonja
 15341 | Lair:3   | Killed Sonja
 15345 | Lair:3   | Identified the cursed +0 long sword of the Morning {slice, rC+ MR++} (You found it on level 2 of the Lair of Beasts)
 15384 | Lair:3   | Reached skill level 12 in Hexes
 15440 | Lair:3   | Noticed a six-headed hydra
 15447 | Lair:3   | Killed a six-headed hydra
 15675 | Lair:3   | Noticed a catoblepas
 15944 | Lair:2   | Reached skill level 7 in Spellcasting
 16256 | Lair:4   | Found a frozen archway.
 16278 | IceCv    | Entered an ice cave
 16306 | IceCv    | Reached skill level 13 in Hexes
 16360 | IceCv    | HP: 16/100 [ice devil (18)]
 16365 | IceCv    | HP: 20/100 [ice devil (10)]
 16637 | Lair:4   | Noticed a death yak
 16638 | Lair:4   | Noticed a death yak
 16639 | Lair:4   | Noticed a death yak
 16639 | Lair:4   | Noticed a death yak
 16666 | Lair:5   | Identified a scroll of acquirement
 16735 | Lair:5   | Noticed Snorg
 16735 | Lair:5   | Noticed a four-headed hydra
 16747 | Lair:5   | Killed Snorg
 16747 | Lair:5   | Reached skill level 16 in Stealth
 16756 | Lair:5   | Killed a four-headed hydra
 16907 | Lair:5   | Noticed a seven-headed hydra
 16914 | Lair:5   | Killed a seven-headed hydra
 16914 | Lair:5   | Reached skill level 8 in Fighting
 17315 | Lair:5   | Reached skill level 17 in Stealth
 17534 | Lair:4   | Noticed a death yak
 17552 | Lair:5   | Killed a death yak
 17651 | Lair:4   | Killed a death yak
 17651 | Lair:4   | Reached XP level 13. HP: 92/110 MP: 24/24
 17722 | Lair:3   | Reached skill level 9 in Fighting
 17989 | Lair:4   | Got an encrusted scale mail
 18108 | Lair:4   | Reached skill level 18 in Stealth
 18576 | Lair:6   | Entered Level 6 of the Lair of Beasts
 18842 | Lair:6   | Reached skill level 10 in Fighting
 19029 | Lair:6   | Reached skill level 14 in Hexes
 19299 | Lair:6   | Reached ****** piety under Makhleb
 19381 | Lair:6   | Reached skill level 15 in Hexes
 19412 | Lair:6   | Reached skill level 19 in Stealth
 19606 | Lair:6   | Noticed Kirke
 19694 | Lair:6   | Killed Kirke
 19720 | Lair:6   | Got a polished helmet
 19736 | Lair:6   | Identified the +1 helmet of the Okapi {+Inv} (You found it on level 6 of the Lair of Beasts)
 19828 | Lair:6   | Found a viscous altar of Jiyva.
 19829 | Lair:6   | Found a staircase to the Slime Pits.
 19870 | Lair:6   | Reached skill level 16 in Hexes
 19921 | Lair:6   | HP: 21/115 [molten gargoyle/bolt of magma (14)]
 20132 | Lair:6   | Reached XP level 14. HP: 97/122 MP: 25/25
 20290 | Lair:6   | Found a large runed door.
 20291 | Lair:6   | Found a large runed door.
 20313 | Lair:6   | Reached skill level 11 in Fighting
 21156 | D:11     | Found a staircase to the Orcish Mines.
 21179 | Orc:1    | Entered Level 1 of the Orcish Mines
 21226 | Orc:1    | Reached skill level 17 in Hexes
 21429 | Orc:2    | Entered Level 2 of the Orcish Mines
 21577 | Orc:2    | Found a staircase to the Elven Halls.
 21869 | Orc:2    | Reached skill level 20 in Stealth
 22429 | Orc:2    | Noticed an orc warlord
 22540 | Orc:2    | Noticed Nergalle
 22575 | Orc:2    | Killed Nergalle
 22610 | Orc:2    | Found a roughly hewn altar of Beogh.
 22631 | Orc:2    | Killed an orc warlord
 22631 | Orc:2    | Reached skill level 18 in Hexes
 22658 | Orc:2    | Found Jozialog's Antique Weapon Shop.
 22701 | Orc:2    | Found Ogameog's Antique Armour Shop.
 22716 | Orc:2    | Found Cuadworchela's Book Shop.
 22721 | Orc:2    | Found Zaacom's General Store.
 23065 | Elf:1    | Entered Level 1 of the Elven Halls
 23201 | Elf:1    | HP: 28/125 [short sword of flaming (7)]
 23210 | Elf:1    | HP: 22/125 [short sword of flaming (7)]
 23539 | Elf:1    | Noticed Roxanne
 23649 | Elf:1    | Reached skill level 19 in Hexes
 23671 | Elf:1    | HP: 31/125 [poisoned by a glaive of venom]
 23676 | Elf:1    | HP: 30/125 [poisoned by a glaive of venom]
 23681 | Elf:1    | HP: 29/125 [poisoned by a glaive of venom]
 23688 | Elf:1    | HP: 29/125 [poisoned by a glaive of venom]
 23696 | Elf:1    | HP: 30/125 [poisoned by a glaive of venom]
 24038 | Elf:1    | Reached skill level 12 in Fighting
 24076 | Elf:1    | Noticed Aizul
 24083 | Elf:1    | HP: 19/126 [Aizul/bolt of poison (16)]
 24089 | Elf:1    | Killed from afar by a deep elf knight

Vault maps used:
D:1:      co_arrival_square_in_a_square_in_a_square, minmay_surrounded
D:2:      kennysheep_ying_yang, lemuel_round_altar, tso_metal_star,
          kennysheep_generic_room_16, uniq_natasha, uniq_robin, uniq_sigmund
D:3:      grunt_temple_overflow_champion_of_chaos, first_bread,
          dk_noncrumbling_3
D:4:      grunt_dithmenos_smoke, kennysheep_mini, minmay_temple_entry_statues,
          lightli_sewer_entry_pipes, uniq_ijyb, uniq_edmund
D:5:      overflow_temple_1_default
D:6:      serial_shops, nicolae_shop_trees, kennysheep_nub, uniq_eustachio,
          uniq_duvessa
D:7:      marbit_many_paths, serial_aquarium, aquarium_bridge_square,
          aquarium_bridge_long_separate, aquarium_window_1,
          aquarium_window_corner, aquarium_view_2g, aquarium_view_2f,
          aquarium_balcony_double_2
D:8:      kennysheep_little_box, uniq_maurice, uniq_grum
D:10:     erik_lair_dragon, serial_curves, eino_curves_03, eino_curves_04,
          eino_curves_04, uniq_fannar
D:11:     erik_orc_2, serial_bayou, serial_bayou_shore_b, serial_bayou_lake_a,
          serial_bayou_shore_b, serial_bayou_pond_c, serial_bayou_ford_a,
          serial_shops, shop
Lair:1:   grunt_megastairs_2
Lair:2:   nicolae_swamp_entry_splash_gauntlet, guppyfry_snake_entry_island
Lair:3:   bh_chokoban, grunt_forest_stairs_basic, uniq_sonja
Lair:4:   portal_ice_cave_entry_pillars_1, gammafunk_lair_bear_cave
Lair:5:   fungi_pond_lemuel, uniq_snorg
Lair:6:   cheibrodos_lair_end_hotspot, dpeg_slime_entry_enclosed_altar,
          dpeg_oklob_1, serial_bayou_shore_a, uniq_kirke
Orc:2:    grunt_orc_cross
Elf:1:    eino_elf_arrival_sip, minmay_elf_demonology, st_stairs_10,
          nicolae_wwwww, minmay_shop_grove, uniq_aizul, uniq_roxanne
Sewer:    kennysheep_door_sewer
IceCv:    ice_cave_tombish

Skill      XL: |  1  2  3  4  5  6  7  8  9 10 11 12 13 14 |
---------------+-------------------------------------------+-----
Hexes          | 5 6 7 8 9 11 13 16 19 | 19.0
Stealth        | 5 6 7 8 9 14 15 17 19 20 | 20.8
Spellcasting   | 3 5 7 |  7.6
Fighting       | 1 4 6 7 8 10 12 | 12.0
Short Blades   | 2 4 5 7 8 |  8.6
Dodging        | 3 5 6 7 9 |  9.0

Action                   |  1- 3 |  4- 6 |  7- 9 | 10-12 | 13-15 || total
-------------------------+-------+-------+-------+-------+-------++-------
Melee: Dagger            |   135 |    96 |   506 |   456 |       ||  1193
       Bite              |     9 |     3 |    49 |    61 |   108 ||   230
       Headbutt          |       |     9 |     6 |       |       ||    15
       Kick              |       |    14 |    22 |       |       ||    36
       Quick blade       |       |       |       |    92 |   886 ||   978
 Cast: Corona            |     2 |       |       |       |       ||     2
       Confuse           |     8 |     5 |    77 |   100 |   107 ||   297
       Ensorcelled Hiber |       |       |       |     4 |       ||     4
       Dazzling Spray    |       |       |       |       |    26 ||    26
       Tukima's Dance    |       |       |       |       |     3 ||     3
 Abil: End Transformatio |       |       |       |     1 |       ||     1
       Bat Form          |       |       |       |     1 |       ||     1
       Evoke Invisibilit |       |       |       |       |     1 ||     1
Evoke: Wand              |       |       |       |       |     1 ||     1
  Use: Potion            |     4 |    14 |    23 |    33 |    27 ||   101
       Scroll            |     2 |       |    13 |    17 |     5 ||    37
 Stab: Sleeping          |     6 |     6 |    36 |    55 |    17 ||   120
       Confused          |     5 |     4 |    30 |    55 |    57 ||   151
       Distracted        |       |     2 |     2 |     3 |     5 ||    12
       Petrified         |       |       |       |     1 |       ||     1
       Invisible         |       |       |       |       |    15 ||    15
Armor: Robe              |    15 |     5 |    24 |    27 |    73 ||   144
       Leather armour    |       |       |    50 |    32 |       ||    82
Dodge: Dodged            |    77 |    41 |   274 |   221 |   325 ||   938

Vault maps used:
D:1:      co_arrival_square_in_a_square_in_a_square, minmay_surrounded
D:2:      kennysheep_ying_yang, lemuel_round_altar, tso_metal_star,
          kennysheep_generic_room_16, uniq_natasha, uniq_robin, uniq_sigmund
D:3:      grunt_temple_overflow_champion_of_chaos, first_bread,
          dk_noncrumbling_3
D:4:      grunt_dithmenos_smoke, kennysheep_mini, minmay_temple_entry_statues,
          lightli_sewer_entry_pipes, uniq_ijyb, uniq_edmund
D:5:      overflow_temple_1_default
D:6:      serial_shops, nicolae_shop_trees, kennysheep_nub, uniq_eustachio,
          uniq_duvessa
D:7:      marbit_many_paths, serial_aquarium, aquarium_bridge_square,
          aquarium_bridge_long_separate, aquarium_window_1,
          aquarium_window_corner, aquarium_view_2g, aquarium_view_2f,
          aquarium_balcony_double_2
D:8:      kennysheep_little_box, uniq_maurice, uniq_grum
D:10:     erik_lair_dragon, serial_curves, eino_curves_03, eino_curves_04,
          eino_curves_04, uniq_fannar
D:11:     erik_orc_2, serial_bayou, serial_bayou_shore_b, serial_bayou_lake_a,
          serial_bayou_shore_b, serial_bayou_pond_c, serial_bayou_ford_a,
          serial_shops, shop
Lair:1:   grunt_megastairs_2
Lair:2:   nicolae_swamp_entry_splash_gauntlet, guppyfry_snake_entry_island
Lair:3:   bh_chokoban, grunt_forest_stairs_basic, uniq_sonja
Lair:4:   portal_ice_cave_entry_pillars_1, gammafunk_lair_bear_cave
Lair:5:   fungi_pond_lemuel, uniq_snorg
Lair:6:   cheibrodos_lair_end_hotspot, dpeg_slime_entry_enclosed_altar,
          dpeg_oklob_1, serial_bayou_shore_a, uniq_kirke
Orc:2:    grunt_orc_cross
Elf:1:    eino_elf_arrival_sip, minmay_elf_demonology, st_stairs_10,
          nicolae_wwwww, minmay_shop_grove, uniq_aizul, uniq_roxanne
Sewer:    kennysheep_door_sewer
IceCv:    ice_cave_tombish

Table legend:
 A = Turns spent in this place as a percentage of turns spent in the entire game.
 B = Non-inter-level travel turns spent in this place as a percentage of non-inter-level travel turns spent in the entire game.
 C = Inter-level travel turns spent in this place as a percentage of turns spent in this place.
 D = Turns resting spent in this place as a percentage of non-inter-level travel turns spent in this place.
 E = Turns spent auto-exploring this place as a percentage of non-inter-level travel turns spent in this place.
 F = Non-inter-level travel turns spent in this place divided by the number of levels of this place that you've seen.
                   A       B       C       D       E      F
               +-------+-------+-------+-------+-------+----------------------
         Total | 100.0 | 100.0 |   0.5 |   1.7 |   7.4 | 339.5
       Dungeon |  50.9 |  50.9 |   0.4 |   2.1 |   8.6 | 331.1
          Lair |  32.2 |  32.2 |   0.6 |   1.4 |   5.9 | 419.0
  Orcish Mines |  11.3 |  11.2 |   0.6 |   0.7 |   7.4 | 439.0
   Elven Halls |   4.0 |   4.0 |   0.0 |   3.2 |   3.2 | 312.0
         Sewer |   0.5 |   0.5 |   0.0 |   0.0 |  27.5 |  40.0
      Ice Cave |   1.2 |   1.2 |   0.0 |   0.0 |   1.1 |  91.0
               +-------+-------+-------+-------+-------+----------------------

Table legend:
 A = Kills in this place as a percentage of kills in entire the game.
 B = Kills by you in this place as a percentage of kills by you in the entire game.
 C = Kills by friends in this place as a percentage of kills by friends in the entire game.
 D = Other kills in this place as a percentage of other kills in the entire game.
 E = Experience gained in this place as a percentage of experience gained in the entire game.
 F = Experience gained in this place divided by the number of levels of this place that you have seen.
                   A       B       C       D       E      F
               +-------+-------+-------+-------+-------+----------------------
         Total | 100.0 | 100.0 |  -nan | 100.0 | 100.0 | 4141.1
       Dungeon |  51.1 |  51.2 |  -nan |  45.5 |  16.5 | 1308.3
          Lair |  29.5 |  29.7 |  -nan |  18.2 |  58.8 | 9329.8
  Orcish Mines |  16.0 |  15.6 |  -nan |  36.4 |  15.3 | 7296.5
   Elven Halls |   2.2 |   2.2 |  -nan |   0.0 |   8.5 | 8110.0
         Sewer |   1.0 |   1.0 |  -nan |   0.0 |   0.1 | 136.0
      Ice Cave |   0.3 |   0.3 |  -nan |   0.0 |   0.8 | 728.0
               +-------+-------+-------+-------+-------+----------------------
